TOP OF THE 1ST |
Springfield Stars batting - Pitching for Kalamazoo Royale with Cheese : RHP Frank Davis
|
Pitching: RHP Frank Davis
|
|
Batting: RHB Norberto Taváres
|
0-0: Ball 1-0: Foul Ball, location: 2F 1-1: Foul Ball, location: 2F 1-2: Ball 2-2: Foul Ball, location: 2F 2-2: Ball 3-2: SINGLE (Groundball, 4MD)
|
Batting: LHB Jesús Tobías
|
0-0: Foul Ball, location: 2F 0-1: SINGLE (Groundball, 4MD) Norberto Taváres to second Runner from 2nd tries for 3rd, SAFE, no throw
|
Batting: LHB Felipe Guerrero
|
0-0: Ball 1-0: Swinging Strike 1-1: Ball 2-1: Called Strike 2-2: Ball 3-2: Fly out, F8 (Line Drive, 8RXD) Runner from 3rd tags up, SCORES, no throw
|
Batting: LHB Elliott Newell
|
0-0: Ball 1-0: Ball 2-0: Ball Wild Pitch! Jesús Tobías to second 3-0: Called Strike 3-1: Base on Balls
|
Batting: LHB Mike Pearson
|
0-0: Ball 1-0: Ball 2-0: Foul Ball, location: 2F 2-1: Called Strike 2-2: SINGLE (Line Drive, 4) Jesús Tobías to third Elliott Newell to second Runner from 3rd tries for Home, SAFE, no throw
|
Batting: RHB Calvin Bennett
|
0-0: Swinging Strike 0-1: Ball 1-1: Called Strike 1-2: Strikes out swinging
|
Batting: SHB António De La Cruz
|
0-0: Ball 1-0: Ball 2-0: Called Strike 2-1: Called Strike 2-2: Foul Ball, location: 2F 2-2: Ground out 4-3 (Groundball, 4)
|
Top of the 1st over - 2 runs, 3 hits, 0 errors, 2 left on base; Springfield 2 - Kalamazoo 0 |
BOTTOM OF THE 1ST |
Kalamazoo Royale with Cheese batting - Pitching for Springfield Stars : LHP Brock Morris
|
Pitching: LHP Brock Morris
|
|
Batting: RHB Eugene Gill
|
0-0: Ball 1-0: Fly out, F1 (Popup, 13)
|
Batting: SHB Caden Keith
|
0-0: Ball 1-0: SINGLE (Line Drive, 6)
|
Batting: LHB Tom Blake
|
0-0: Ball 1-0: Called Strike 1-1: Ball 2-1: Foul Ball, location: 2F 2-2: Foul Ball, location: 2F 2-2: Foul Ball, location: 2F 2-2: Fly out, F8 (Line Drive, 78D)
|
Batting: LHB Roberto Sandoval
|
0-0: Called Strike 0-1: Called Strike 0-2: Fly out, F5 (Popup, 25F)
|
Bottom of the 1st over - 0 runs, 1 hit, 0 errors, 1 left on base; Springfield 2 - Kalamazoo 0 |
TOP OF THE 2ND |
Springfield Stars batting - Pitching for Kalamazoo Royale with Cheese : RHP Frank Davis
|
Batting: LHB Will Hill
|
0-0: Ball 1-0: Ball 2-0: Ball 3-0: Called Strike 3-1: Swinging Strike 3-2: Strikes out swinging
|
Batting: RHB Gabriel Erwin
|
0-0: Ball 1-0: Called Strike 1-1: Called Strike 1-2: Ball 2-2: Ball 3-2: Foul Ball, location: 2F 3-2: Ground out 6-3 (Groundball, 6)
|
Batting: RHB Norberto Taváres
|
0-0: Ball 1-0: Swinging Strike 1-1: Ball 2-1: Ball 3-1: Base on Balls
|
Batting: LHB Jesús Tobías
|
0-0: Swinging Strike 0-1: Ground out U3 (Groundball, 23)
|
Top of the 2nd over - 0 runs, 0 hits, 0 errors, 1 left on base; Springfield 2 - Kalamazoo 0 |
BOTTOM OF THE 2ND |
Kalamazoo Royale with Cheese batting - Pitching for Springfield Stars : LHP Brock Morris
|
Batting: RHB Marlon Phipps
|
0-0: Called Strike 0-1: Swinging Strike 0-2: Foul Ball, location: 2F 0-2: Strikes out looking
|
Batting: RHB Zander Tremblett
|
0-0: Ball 1-0: SINGLE (Groundball, 56D)
|
Batting: RHB José Estrada
|
0-0: Ball 1-0: Ball 2-0: Ball 3-0: Base on Balls Zander Tremblett to second
|
Batting: RHB Millard Boyd
|
0-0: Swinging Strike 0-1: Ball 1-1: Ball 2-1: Swinging Strike 2-2: Foul Ball, location: 2F 2-2: Foul Ball, location: 2F 2-2: Ball 3-2: Foul Ball, location: 2F 3-2: Base on Balls Zander Tremblett to third José Estrada to second
|
Batting: LHB Gene Cooper
|
0-0: Ball 1-0: Called Strike 1-1: Ball 2-1: Ball 3-1: Base on Balls Zander Tremblett scores José Estrada to third Millard Boyd to second
|
Batting: RHB Eugene Gill
|
0-0: Called Strike 0-1: Foul Ball, location: 2F 0-2: Foul Ball, location: 2F 0-2: Foul Ball, location: 2F 0-2: DOUBLE (Flyball, 8RXD) José Estrada scores Millard Boyd scores Gene Cooper to third Runner from 3rd tries for Home, SAFE, no throw
|
Batting: SHB Caden Keith
|
0-0: Fly out, F8 (Line Drive, 8LD)
|
Batting: LHB Tom Blake
|
0-0: Called Strike 0-1: Called Strike 0-2: Foul Ball, location: 2F 0-2: Ground out 4-3 (Groundball, 34)
|
Bottom of the 2nd over - 4 runs, 2 hits, 0 errors, 1 left on base; Springfield 2 - Kalamazoo 4 |
TOP OF THE 3RD |
Springfield Stars batting - Pitching for Kalamazoo Royale with Cheese : RHP Frank Davis
|
Batting: LHB Felipe Guerrero
|
0-0: Ball 1-0: Foul Ball, location: 2F 1-1: Ball 2-1: Swinging Strike 2-2: Ball 3-2: Strikes out swinging
|
Batting: LHB Elliott Newell
|
0-0: Ball 1-0: Foul Ball, location: 2F 1-1: Fly out, F7 (Flyball, 7LMF)
|
Batting: LHB Mike Pearson
|
0-0: Called Strike 0-1: Foul Ball, location: 2F 0-2: Fly out, F9 (Flyball, 9D)
|
Top of the 3rd over - 0 runs, 0 hits, 0 errors, 0 left on base; Springfield 2 - Kalamazoo 4 |
BOTTOM OF THE 3RD |
Kalamazoo Royale with Cheese batting - Pitching for Springfield Stars : LHP Brock Morris
|
Batting: LHB Roberto Sandoval
|
0-0: Ball 1-0: Ball 2-0: Ball 3-0: Base on Balls
|
Batting: RHB Marlon Phipps
|
0-0: Ball 1-0: Ball 2-0: Ball 3-0: 2-RUN HOME RUN (Line Drive, 9D), Distance : 378 ft
|
Batting: RHB Zander Tremblett
|
0-0: Foul Ball, location: 2F 0-1: Fly out, F8 (Flyball, 8RS)
|
Batting: RHB José Estrada
|
0-0: Foul Ball, location: 2F 0-1: Ball 1-1: Ball 2-1: Foul Ball, location: 2F 2-2: Foul Ball, location: 2F 2-2: Foul Ball, location: 2F 2-2: Foul Ball, location: 2F 2-2: SINGLE (Groundball, 34D)
|
Batting: RHB Millard Boyd
|
0-0: Ball 1-0: Ball 2-0: Ball 3-0: Foul Ball, location: 2F 3-1: Base on Balls José Estrada to second
|
Batting: LHB Gene Cooper
|
0-0: Called Strike 0-1: Fielders Choice at 2nd, 4-6 (Groundball, 4) José Estrada to third
|
Batting: RHB Eugene Gill
|
0-0: Called Strike 0-1: Fly out, F9 (Flyball, 89S)
|
Bottom of the 3rd over - 2 runs, 2 hits, 0 errors, 2 left on base; Springfield 2 - Kalamazoo 6 |
TOP OF THE 4TH |
Springfield Stars batting - Pitching for Kalamazoo Royale with Cheese : RHP Frank Davis
|
Batting: RHB Calvin Bennett
|
0-0: Called Strike 0-1: Fly out, F4 (Popup, 3D)
|
Batting: SHB António De La Cruz
|
0-0: Ball 1-0: Ball 2-0: Ball 3-0: Base on Balls
|
Batting: LHB Will Hill
|
0-0: 2-RUN HOME RUN (Flyball, 9D), Distance : 399 ft
|
Batting: RHB Gabriel Erwin
|
0-0: Called Strike 0-1: Foul Ball, location: 2F 0-2: Ball 1-2: Ground out 5-3 (Groundball, 56)
|
Batting: RHB Norberto Taváres
|
0-0: Foul Ball, location: 2F 0-1: Foul Ball, location: 2F 0-2: Foul Ball, location: 2F 0-2: Foul Ball, location: 2F 0-2: Ball 1-2: Ball 2-2: Ground out 6-3 (Groundball, 6)
|
Top of the 4th over - 2 runs, 1 hit, 0 errors, 0 left on base; Springfield 4 - Kalamazoo 6 |
BOTTOM OF THE 4TH |
Kalamazoo Royale with Cheese batting - Pitching for Springfield Stars : LHP Brock Morris
|
Batting: SHB Caden Keith
|
0-0: Called Strike 0-1: Ball 1-1: Ball 2-1: Swinging Strike 2-2: Ground out 6-3 (Groundball, 6)
|
Batting: LHB Tom Blake
|
0-0: Called Strike 0-1: Ball 1-1: Foul Ball, location: 2F 1-2: SINGLE (Flyball, 7LS)
|
Pitching: LHP Valentín Reséndez
|
|
Batting: LHB Roberto Sandoval
|
0-0: Called Strike 0-1: Fly out, F8 (Flyball, 8RM)
|
Batting: RHB Marlon Phipps
|
0-0: Foul Ball, location: 2F 0-1: Ball 1-1: Ball 2-1: Ball 3-1: Called Strike 3-2: Strikes out swinging
|
Bottom of the 4th over - 0 runs, 1 hit, 0 errors, 1 left on base; Springfield 4 - Kalamazoo 6 |
TOP OF THE 5TH |
Springfield Stars batting - Pitching for Kalamazoo Royale with Cheese : RHP Frank Davis
|
Pitching: RHP Kitahachi Okada
|
|
Batting: LHB Jesús Tobías
|
0-0: Ball 1-0: Foul Ball, location: 2F 1-1: Fly out, F1 (Line Drive, 13)
|
Batting: LHB Felipe Guerrero
|
0-0: Foul Ball, location: 2F 0-1: Foul Ball, location: 2F 0-2: Strikes out swinging
|
Batting: LHB Elliott Newell
|
0-0: Ball 1-0: Ball 2-0: Called Strike 2-1: Ball 3-1: SINGLE (Line Drive, 34D)
|
Batting: LHB Mike Pearson
|
0-0: Called Strike 0-1: Called Strike 0-2: Foul Ball, location: 2F 0-2: SINGLE (Groundball, 6MD) Elliott Newell to second
|
Batting: RHB Calvin Bennett
|
0-0: Called Strike 0-1: Ball 1-1: Swinging Strike 1-2: Ball 2-2: Strikes out swinging
|
Top of the 5th over - 0 runs, 2 hits, 0 errors, 2 left on base; Springfield 4 - Kalamazoo 6 |
BOTTOM OF THE 5TH |
Kalamazoo Royale with Cheese batting - Pitching for Springfield Stars : LHP Valentín Reséndez
|
Batting: RHB Zander Tremblett
|
0-0: Called Strike 0-1: Ball 1-1: Ball 2-1: Ball 3-1: Base on Balls
|
Batting: RHB José Estrada
|
0-0: Grounds into double play, 6-4-3 (Groundball, 6M)
|
Batting: RHB Millard Boyd
|
0-0: Ball 1-0: Foul Ball, location: 2F 1-1: Ball 2-1: SINGLE (Flyball, 9LS)
|
Batting: LHB Gene Cooper
|
0-0: Ball 1-0: Called Strike 1-1: Ball 2-1: Swinging Strike 2-2: Foul Ball, location: 2F 2-2: Ball 3-2: Foul Ball, location: 2F 3-2: Base on Balls Millard Boyd to second
|
Pinch Hitting: RHB Eric Johnson
|
0-0: Foul Ball, location: 2F 0-1: Ball 1-1: Foul Ball, location: 2F 1-2: Ball 2-2: Strikes out swinging
|
Bottom of the 5th over - 0 runs, 1 hit, 0 errors, 2 left on base; Springfield 4 - Kalamazoo 6 |
TOP OF THE 6TH |
Springfield Stars batting - Pitching for Kalamazoo Royale with Cheese : RHP Kitahachi Okada
|
Now in LF: Eric Johnson
|
|
Batting: SHB António De La Cruz
|
0-0: Ball 1-0: Ground out 4-3 (Groundball, 4)
|
Batting: LHB Will Hill
|
0-0: Ball 1-0: Called Strike 1-1: Ball 2-1: Ball 3-1: Called Strike 3-2: Fly out, F5 (Popup, 5SF)
|
Batting: RHB Gabriel Erwin
|
0-0: Ball 1-0: Ball 2-0: Called Strike 2-1: Ball 3-1: SINGLE (Groundball, 56) (infield hit)
|
Pinch Hitting: RHB Juan Carlos Rodríguez
|
0-0: Ball 1-0: Foul Ball, location: 2F 1-1: SINGLE (Flyball, 89S) Gabriel Erwin to second Runner from 2nd tries for 3rd, SAFE, no throw
|
Pinch Hitting: LHB Al Miller
|
0-0: Called Strike 0-1: Ball 1-1: Ball 2-1: Ball 3-1: Ground out 4-3 (Groundball, 34D)
|
Top of the 6th over - 0 runs, 2 hits, 0 errors, 2 left on base; Springfield 4 - Kalamazoo 6 |
BOTTOM OF THE 6TH |
Kalamazoo Royale with Cheese batting - Pitching for Springfield Stars : LHP Valentín Reséndez
|
Now at 3B: Al Miller
|
|
Now at SS: Juan Carlos Rodríguez
|
|
Pinch Hitting: LHB Jim Clemente
|
0-0: Foul Ball, location: 2F 0-1: Ball 1-1: Foul Ball, location: 2F 1-2: Ball 2-2: Ball 3-2: Strikes out swinging
|
Pinch Hitting: LHB Keith Tillman
|
0-0: Ball 1-0: Foul Ball, location: 2F 1-1: Swinging Strike 1-2: Foul Ball, location: 2F 1-2: Foul Ball, location: 2F 1-2: Strikes out swinging
|
Pinch Hitting: LHB Javier Espinoza
|
0-0: Called Strike 0-1: Ball 1-1: Swinging Strike 1-2: SINGLE (Groundball, 34D)
|
Batting: LHB Bill McJannett
|
0-0: Swinging Strike 0-1: Swinging Strike 0-2: Strikes out looking
|
Bottom of the 6th over - 0 runs, 1 hit, 0 errors, 1 left on base; Springfield 4 - Kalamazoo 6 |
TOP OF THE 7TH |
Springfield Stars batting - Pitching for Kalamazoo Royale with Cheese : RHP Kitahachi Okada
|
Pitching: LHP Juan Fuentes
|
|
Now at 2B: Javier Espinoza
|
|
Now at 3B: Keith Tillman
|
|
Now in RF: Jim Clemente
|
|
Batting: RHB Rusty Bennett
|
0-0: Called Strike 0-1: Ground out 6-3 (Groundball, 6)
|
Batting: LHB Elliott Newell
|
0-0: Ball 1-0: Ball 2-0: Ball 3-0: Called Strike 3-1: Fly out, F7 (Flyball, 7)
|
Batting: LHB Mike Pearson
|
0-0: Called Strike 0-1: Swinging Strike 0-2: Ball 1-2: Strikes out swinging
|
Top of the 7th over - 0 runs, 0 hits, 0 errors, 0 left on base; Springfield 4 - Kalamazoo 6 |
BOTTOM OF THE 7TH |
Kalamazoo Royale with Cheese batting - Pitching for Springfield Stars : LHP Valentín Reséndez
|
Batting: RHB Zander Tremblett
|
0-0: Ball 1-0: Foul Ball, location: 2F 1-1: Ball 2-1: Foul Ball, location: 2F 2-2: Ball 3-2: Ground out 5-3 (Groundball, 56)
|
Batting: RHB José Estrada
|
0-0: Called Strike 0-1: Ground out 4-3 (Groundball, 4M)
|
Pinch Hitting: LHB Ron Robinson
|
0-0: Called Strike 0-1: Swinging Strike 0-2: Ground out U3 (Groundball, 3L)
|
Bottom of the 7th over - 0 runs, 0 hits, 0 errors, 0 left on base; Springfield 4 - Kalamazoo 6 |
TOP OF THE 8TH |
Springfield Stars batting - Pitching for Kalamazoo Royale with Cheese : LHP Juan Fuentes
|
Pitching: RHP Clint Tancock
|
|
Now at 1B: Ron Robinson
|
|
Pinch Hitting: LHB Derek Davidson
|
0-0: Foul Ball, location: 2F 0-1: SINGLE (Groundball, 4MD)
|
Batting: SHB António De La Cruz
|
0-0: Ball 1-0: Called Strike 1-1: Ball 2-1: SINGLE (Groundball, 56D) Derek Davidson to second
|
Pitching: LHP Carlos Thomas
|
|
Batting: LHB Will Hill
|
0-0: Ground out 4-3 (Groundball, 4S) Derek Davidson to third António De La Cruz to second
|
Pitching: RHP Josh Graham
|
|
Pinch Hitting: RHB Will Sterling
|
0-0: Foul Ball, location: 2F 0-1: Ball 1-1: Ball 2-1: Called Strike 2-2: Foul Ball, location: 2F 2-2: Ball 3-2: Foul Ball, location: 2F 3-2: Foul Ball, location: 2F 3-2: Strikes out swinging
|
Batting: RHB Juan Carlos Rodríguez
|
0-0: Ball 1-0: Ball 2-0: Foul Ball, location: 2F 2-1: Foul Ball, location: 2F 2-2: Ball 3-2: Ground out 5-3 (Groundball, 56S)
|
Top of the 8th over - 0 runs, 2 hits, 0 errors, 2 left on base; Springfield 4 - Kalamazoo 6 |
BOTTOM OF THE 8TH |
Kalamazoo Royale with Cheese batting - Pitching for Springfield Stars : LHP Valentín Reséndez
|
Now in CF: Juan Morales
|
|
Now in RF: Derek Davidson
|
|
Pinch Hitting: LHB Lorenzo Quintanilla
|
0-0: Foul Ball, location: 2F 0-1: Ball 1-1: Ball 2-1: Ball 3-1: Foul Ball, location: 2F 3-2: Ground out 5-3 (Groundball, 5)
|
Pitching: RHP Jeff Mann
|
|
Batting: RHB Eric Johnson
|
0-0: Called Strike 0-1: Ball 1-1: Called Strike 1-2: Foul Ball, location: 2F 1-2: Strikes out swinging
|
Batting: LHB Jim Clemente
|
0-0: Called Strike 0-1: Ball 1-1: Ball 2-1: Called Strike 2-2: Fly out, F7 (Line Drive, 78M)
|
Bottom of the 8th over - 0 runs, 0 hits, 0 errors, 0 left on base; Springfield 4 - Kalamazoo 6 |
TOP OF THE 9TH |
Springfield Stars batting - Pitching for Kalamazoo Royale with Cheese : RHP Josh Graham
|
Pitching: RHP Víctor Reyes
|
|
Now at SS: Bob Noble
|
|
Batting: LHB Al Miller
|
0-0: Swinging Strike 0-1: Ball 1-1: Called Strike 1-2: Strikes out looking
|
Batting: RHB Rusty Bennett
|
0-0: Swinging Strike 0-1: Foul Ball, location: 2F 0-2: Ball 1-2: Strikes out swinging
|
Pinch Hitting: LHB Roberto Trujillo
|
0-0: Ball 1-0: Ball 2-0: Called Strike 2-1: Fly out, F8 (Flyball, 8RXD)
|
Top of the 9th over - 0 runs, 0 hits, 0 errors, 0 left on base; Springfield 4 - Kalamazoo 6 |
|